[ AOE2 MATCH · #507340774 ]
UnrankedChinese vs Tupi
Player's team · LOSS
Rival team · WIN
[ REPLAY ANALYSIS · EXTRACTED FROM THE RECORDED GAME ]
Feudal
9:19
Castle
—
Imperial
—
| APM avg | 82.4 |
| APM peak | 128 |
| eAPM avg | 32.1 |
| Villagers / military | 60 / 22 |
Focus
⚔️ 30.1% · 🌾 69.9%
Skirmisher ×18 · Scout Cavalry ×3 · Archer ×1
Feudal
9:40
Castle
—
Imperial
—
| APM avg | 31.8 |
| APM peak | 60 |
| eAPM avg | 20.0 |
| Villagers / military | 49 / 3 |
Focus
⚔️ 37.6% · 🌾 62.4%
Unknown (2550) ×5 · Spearman ×3
Match map
Initial resources + every placement click. Lines = walls · curves = elevation contours. ◆ gold · ⬟ stone · ● berries · ✦ relic · ◌ wall gap
Your base· Open — unwalled flank
gupo57's base· Open — unwalled flank
Smoothed initial terrain · ◌ = detected wall gap · hover for details
Inputs per minute
— CO[M]BO - - gupo57
Build order — CO[M]BO
133 actions detected in the replay
| 0:01 | Research | Loom |
| 0:01 | Research | Loom |
| 0:46 | Create | Villager (Male) |
| 0:46 | Create | Villager (Male) |
| 1:14 | Create | Villager (Male) |
| 1:14 | Create | Villager (Male) |
| 1:36 | Create | Villager (Male) |
| 1:36 | Create | Villager (Male) |
| 1:45 | Build | Lumber Camp |
| 2:00 | Create | Villager (Male) |
| 2:00 | Create | Villager (Male) |
| 2:26 | Create | Villager (Male) |
| 2:53 | Create | Villager (Male) |
| 3:16 | Create | Villager (Male) |
| 3:31 | Build | House |
| 3:36 | Build | House |
| 3:44 | Create | Villager (Male) |
| 3:57 | Create | Villager (Male) |
| 4:21 | Create | Villager (Male) |
| 4:24 | Build | Mill |
| 4:36 | Create | Villager (Male) |
| 4:51 | Create | Villager (Male) |
| 5:05 | Create | Villager (Male) |
| 5:21 | Create | Villager (Male) |
| 5:46 | Create | Villager (Male) |
| 6:44 | Create | Villager (Male) |
| 7:08 | Research | Feudal Age |
| 7:15 | Build | Lumber Camp |
| 8:08 | Build | Barracks |
| 8:57 | Create | Villager (Male) |
| 9:07 | Build | House |
| 9:19 | Age | Feudal Age |
| 9:21 | Create | Villager (Male) |
| 9:36 | Build | Stable |
| 9:46 | Create | Villager (Male) |
| 9:48 | Build | Mill |
| 10:01 | Research | Double-Bit Axe |
| 10:06 | Build | Palisade Wall |
| 10:10 | Create | Villager (Male) |
| 10:20 | Create | Scout Cavalry |
| 10:20 | Create | Scout Cavalry |
| 10:37 | Create | Villager (Male) |
| 10:42 | Create | Villager (Male) |
| 10:54 | Create | Scout Cavalry |
| 11:07 | Create | Villager (Male) |
| 11:15 | Build | Farm |
| 11:16 | Build | Farm |
| 11:17 | Build | Farm |
| 11:19 | Build | Farm |
| 11:20 | Create | Villager (Male) |
| 11:21 | Build | Farm |
| 11:23 | Build | Farm |
| 11:35 | Build | House |
| 11:36 | Build | House |
| 11:48 | Create | Villager (Male) |
| 11:56 | Create | Villager (Male) |
| 12:07 | Build | Archery Range |
| 12:26 | Create | Villager (Male) |
| 12:44 | Create | Villager (Male) |
| 12:46 | Create | Skirmisher |
| 12:46 | Create | Skirmisher |
| 13:06 | Create | Villager (Male) |
| 13:20 | Create | Skirmisher |
| 13:25 | Create | Villager (Male) |
| 13:30 | Create | Villager (Male) |
| 13:38 | Create | Villager (Male) |
| 13:40 | Build | House |
| 13:42 | Build | House |
| 13:46 | Create | Villager (Male) |
| 13:50 | Build | Palisade Wall |
| 13:51 | Create | Villager (Male) |
| 13:53 | Build | House |
| 13:55 | Build | House |
| 14:00 | Create | Skirmisher |
| 14:08 | Create | Skirmisher |
| 14:12 | Build | Farm |
| 14:15 | Build | Farm |
| 14:17 | Build | Farm |
| 14:24 | Build | Watch Tower |
| 14:31 | Create | Villager (Male) |
| 14:39 | Create | Villager (Male) |
| 14:53 | Create | Villager (Male) |
| 14:57 | Create | Archer |
| 14:58 | Create | Villager (Male) |
| 15:07 | Create | Villager (Male) |
| 15:10 | Create | Villager (Male) |
| 15:29 | Create | Skirmisher |
| 15:42 | Create | Villager (Male) |
| 15:53 | Create | Villager (Male) |
| 16:02 | Create | Villager (Male) |
| 16:08 | Build | Farm |
| 16:14 | Create | Skirmisher |
| 16:14 | Create | Skirmisher |
| 16:20 | Create | Villager (Male) |
| 16:32 | Create | Villager (Male) |
| 16:47 | Build | Farm |
| 16:50 | Build | Farm |
| 16:50 | Create | Villager (Male) |
| 17:15 | Create | Villager (Male) |
| 17:23 | Create | Villager (Male) |
| 17:48 | Create | Villager (Male) |
| 18:00 | Create | Skirmisher |
| 18:00 | Create | Skirmisher |
| 18:00 | Create | Skirmisher |
| 18:00 | Create | Skirmisher |
| 18:00 | Create | Skirmisher |
| 18:01 | Create | Skirmisher |
| 18:03 | Create | Villager (Male) |
| 18:05 | Create | Villager (Male) |
| 18:07 | Build | Blacksmith |
| 18:27 | Build | Farm |
| 18:40 | Create | Skirmisher |
| 18:43 | Create | Villager (Male) |
| 18:53 | Build | Mining Camp |
| 18:56 | Create | Skirmisher |
| 18:59 | Build | Farm |
| 19:06 | Research | Fletching |
| 19:19 | Build | Farm |
| 19:20 | Build | Farm |
| 19:27 | Build | Farm |
| 19:28 | Build | Farm |
| 19:31 | Create | Skirmisher |
| 19:44 | Create | Villager (Male) |
| 19:48 | Create | Villager (Male) |
| 20:18 | Build | Lumber Camp |
| 20:19 | Create | Villager (Male) |
| 20:29 | Create | Villager (Male) |
| 20:42 | Build | House |
| 21:23 | Create | Skirmisher |
| 21:26 | Build | Farm |
| 21:27 | Build | Farm |
| 21:28 | Build | Farm |
| 21:29 | Build | Farm |
Build order — gupo57
98 actions detected in the replay
| 0:00 | Create | Villager (Male) |
| 0:02 | Build | House |
| 0:03 | Build | House |
| 0:04 | Create | Villager (Male) |
| 0:04 | Create | Villager (Male) |
| 0:13 | Create | Villager (Male) |
| 1:31 | Create | Villager (Male) |
| 1:52 | Create | Villager (Male) |
| 2:13 | Create | Villager (Male) |
| 2:14 | Create | Villager (Male) |
| 2:34 | Build | House |
| 2:54 | Create | Villager (Male) |
| 3:03 | Build | Settlement |
| 3:10 | Create | Villager (Male) |
| 3:42 | Create | Villager (Male) |
| 3:45 | Build | House |
| 3:59 | Create | Villager (Male) |
| 3:59 | Create | Villager (Male) |
| 4:14 | Create | Villager (Male) |
| 4:43 | Create | Villager (Male) |
| 5:47 | Create | Villager (Male) |
| 5:47 | Create | Villager (Male) |
| 5:47 | Create | Villager (Male) |
| 5:56 | Build | House |
| 6:30 | Build | Barracks |
| 6:40 | Research | Loom |
| 7:22 | Research | Feudal Age |
| 7:55 | Build | Settlement |
| 8:08 | Create | Unit 2550 |
| 8:09 | Create | Unit 2550 |
| 8:09 | Create | Unit 2550 |
| 8:09 | Create | Unit 2550 |
| 9:03 | Build | Settlement |
| 9:25 | Create | Villager (Male) |
| 9:26 | Create | Villager (Male) |
| 9:40 | Age | Feudal Age |
| 9:51 | Research | Tech 1402 |
| 10:29 | Build | Watch Tower |
| 10:44 | Create | Spearman |
| 10:45 | Create | Villager (Male) |
| 10:46 | Create | Villager (Male) |
| 11:18 | Create | Unit 2550 |
| 11:20 | Create | Villager (Male) |
| 11:21 | Create | Villager (Male) |
| 12:10 | Create | Spearman |
| 12:13 | Build | Palisade Wall |
| 12:14 | Build | Palisade Wall |
| 12:16 | Create | Villager (Male) |
| 12:20 | Build | Stone Wall |
| 12:22 | Build | Stone Wall |
| 12:24 | Build | Stone Wall |
| 12:25 | Build | Stone Wall |
| 12:57 | Build | Watch Tower |
| 12:59 | Create | Villager (Male) |
| 12:59 | Create | Villager (Male) |
| 13:12 | Create | Spearman |
| 13:19 | Create | Villager (Male) |
| 13:40 | Build | Farm |
| 13:53 | Build | Palisade Wall |
| 13:56 | Create | Villager (Male) |
| 14:09 | Build | Watch Tower |
| 14:24 | Create | Villager (Male) |
| 14:39 | Build | Stone Wall |
| 14:40 | Build | Stone Wall |
| 14:41 | Build | Stone Wall |
| 14:45 | Build | Stone Wall |
| 14:57 | Build | Watch Tower |
| 15:12 | Create | Villager (Male) |
| 15:12 | Create | Villager (Male) |
| 15:33 | Build | Stone Wall |
| 16:06 | Create | Villager (Male) ×2 |
| 16:23 | Build | Farm |
| 16:24 | Build | Farm |
| 16:25 | Build | Farm |
| 16:40 | Create | Villager (Male) |
| 16:40 | Create | Villager (Male) |
| 17:19 | Build | Watch Tower |
| 17:30 | Create | Villager (Male) |
| 17:30 | Create | Villager (Male) |
| 17:59 | Build | Blacksmith |
| 18:13 | Build | Farm |
| 18:16 | Create | Villager (Male) |
| 18:16 | Create | Villager (Male) |
| 18:59 | Research | Fletching |
| 19:00 | Create | Villager (Male) |
| 19:14 | Build | Watch Tower |
| 19:21 | Build | Farm |
| 19:35 | Build | Farm |
| 20:00 | Create | Villager (Male) |
| 20:00 | Create | Villager (Male) |
| 20:01 | Build | Farm |
| 20:04 | Build | Farm |
| 20:22 | Build | Watch Tower |
| 20:58 | Build | Settlement |
| 21:20 | Create | Villager (Male) ×5 |
| 21:22 | Create | Villager (Male) |
| 21:24 | Build | Farm |
| 21:25 | Build | Farm |
Match timeline
| 6:30 | gupo57 · first_building Barracks |
| 8:08 | CO[M]BO · first_building Barracks |
| 9:19 | CO[M]BO · age_up feudal |
| 9:36 | CO[M]BO · first_building Stable |
| 9:40 | gupo57 · age_up feudal |
| 10:06 | CO[M]BO · wall_segment Palisade Wall x4 |
| 12:07 | CO[M]BO · first_building Archery Range |
| 12:13 | gupo57 · wall_segment Palisade Wall x1 |
| 12:14 | gupo57 · wall_segment Palisade Wall x1 |
| 12:20 | gupo57 · wall_segment Stone Wall x1 |
| 12:22 | gupo57 · wall_segment Stone Wall x1 |
| 12:24 | gupo57 · wall_segment Stone Wall x1 |
| 12:25 | gupo57 · wall_segment Stone Wall x1 |
| 13:50 | CO[M]BO · wall_segment Palisade Wall x1 |
| 13:53 | gupo57 · wall_segment Palisade Wall x3 |
| 14:39 | gupo57 · wall_segment Stone Wall x1 |
| 14:40 | gupo57 · wall_segment Stone Wall x1 |
| 14:41 | gupo57 · wall_segment Stone Wall x1 |
| 14:45 | gupo57 · wall_segment Stone Wall x1 |
| 15:33 | gupo57 · wall_segment Stone Wall x1 |
| 21:44 | CO[M]BO · resign |
[ AI ANALYSIS · 1 CREDIT ]
What really happened in this match?
Wolo.gg analyzes every decision: build order, eco, micro, common mistakes by bracket. Personalized analysis on WhatsApp or Discord in 30 seconds.
Civ guide
Chinese
Perfil
Jugador #5656426